 Dungeon Crawl Stone Soup: Circus Animals version 1.7-37-g2c94cca (webtiles) character file.

374 DarthKuruptios the Magician (level 7, -7/75 HPs) *STANDARD*
             Began as a Gargoyle Fire Elementalist on Aug 26, 2016.
             Was a Believer of Vehumet.
             Mangled by a hill giant
             ... wielding a +0 giant club
              (22 damage)
             ... on level 6 of the Dungeon on Aug 29, 2016.
             The game lasted 00:56:21 (6222 turns).

DarthKuruptios the Magician (GrFE)                  Turns: 6222, Time: 00:56:22

Health: -7/75      AC: 12    Str: 17 (18) XL:     7   Next: 94%
Magic:  100/100    EV: 15    Int: 18 (19) God:    Vehumet [**....]
Gold:   280        SH:  0    Dex:  9 (12) Spells: 3 memorised, 4 levels left

rFire  . . .     rPois    ∞     c - +0 whip
rCold  . . .     rElec    +     a - +0 robe
rNeg   + . .     rCorr    .     (no shield) MagicSh . . . SeeInvis .
                                e - +0 helmet StaminaSh . . . Faith .
                                f - +0 cloak RegenHP +++.......
SustAt +                        (no gloves) RegenSP +++....... Dismiss .
                                b - +0 pair of boots RegenMP +++....... Reflect .
                                (no amulet)
MR     +....     Harm     .     h - +4 ring of intelligence
Stlth  ++........               g - ring of sustain attributes

@: marked, focus, slow, somewhat resistant to hostile enchantments, unstealthy
A: negative energy resistance 1, electricity resistance, strong 3, unbreathing,
petrification resistance, rot immunity, AC +4
a: Renounce Religion


You were on level 6 of the Dungeon.
You worshipped Vehumet.
Vehumet was pleased with you.
You were not hungry.

You visited 1 branch of the dungeon, and saw 7 of its levels.

You collected 320 gold pieces.
You spent 40 gold pieces at shops.

Inventory:

Hand Weapons
 c - a +0 whip (weapon)
Armour
 a - a +0 robe (worn)
 b - a +0 pair of boots (worn)
 e - a +0 helmet (worn)
 f - a +0 cloak (worn)
Jewellery
 g - a ring of sustain attributes (left hand)
 h - a +4 ring of intelligence (right hand)
Wands
 d - a wand of flame (19/48)
 i - a wand of polymorph (10/24)
Scrolls
 e - 5 scrolls of remove curse
 g - 2 scrolls of blinking
 l - 2 scrolls of amnesia
 n - 5 scrolls of identify
 p - a scroll of fog
 r - a scroll of immolation
Potions
 c - 3 potions of stamina
 d - 6 potions of magic
 h - a potion of invisibility
 i - a potion of curing
 j - a potion of brilliance {unknown}
 k - a potion of cancellation
 m - 4 potions of ambrosia
 o - a potion of lignification
Books
 a - a book of Flames

   Spells                             Type                      Level
   a - Flame Tongue                   Fire                         1
   b - Conjure Flame                  Conjuration/Fire             3
   c - Inner Flame                    Hexes/Fire/Time              3
   d - Sticky Flame                   Conjuration/Fire/Time        4
   e - Fireball                       Conjuration/Fire/Light       5
   f - Bolt of Magma                  Conjuration/Fire/Earth       5
 f - a book of Party Tricks

   Spells                             Type                      Level
   a - Summon Butterflies             Summoning/Air                1
   b - Apportation                    Translocation                1
   c - Tukima's Dance                 Hexes/Summoning              3
   d - Alistair's Intoxication        Hexes/Transmutation/Poison   5
   e - Invisibility                   Charms/Transmutation/Darkness 6
 t - a book of Power

   Spells                             Type                      Level
   a - Fulminant Prism                Conjuration/Hexes/Time       4
   b - Iskenderun's Mystic Blast      Conjuration/Ice              4
   c - Venom Bolt                     Conjuration/Poison           5
   d - Bolt of Magma                  Conjuration/Fire/Earth       5
   e - Iron Shot                      Conjuration/Earth            6
   f - Orb of Destruction             Conjuration                  7
   g - Spellforged Servitor           Conjuration/Summoning/Time   7


   Skills:
 - Level 1.1 Fighting
 - Level 0.6 Maces & Flails
 - Level 2.5 Dodging
 - Level 1.3 Stealth
 * Level 4.2 Spellcasting
 + Level 2.8 Conjurations
 + Level 4.0 Fire Magic
 * Level 2.9 Light Magic


You had 4 spell levels left.
You knew the following spells:

 Your Spells              Type           Power        Failure   Level  Hunger
a - Flame Tongue          Fire           #.........   7%          1    ##.....
 b -                      Fireball       Conj/Fire/Light#......... 71%         5    ####...
c - Fulminant Prism       Conj/Hex/Time  #.........   50%         4    ###....


Dungeon Overview and Level Annotations

Branches:
Dungeon (7/7)
   Lair: D:7

Altars:
Ashenzari
Elyvilon
Vehumet

Shops:
D:3 [   D:5 !   D:6 [[!([

Annotations:
D:3 Get the robe in Adoxoipu's armour


Innate Abilities, Weirdness & Mutations

You are resistant to torment.
Your stone body is resilient. (AC +4)
You are immune to poison.
You resist negative energy. (rN+)
You are resistant to electric shocks. (rElec)
You can survive without breathing.
You are immune to petrification.
You are immune to rotting.
Your muscles are very strong. (Str +4)


Message History

You hear a screech!
You hear a bark!
You hear a shout! x2
You hear a loud, deep croak!
You hear a screech!
Something shouts, "Return whence thou came, thou weedy pigeon-egg bloater!"
The orc wizard completely misses you.
The gnoll sergeant hits you but does no damage.
The crimson imp puffs mist at you. The orc wizard closely misses you.
The orc wizard casts a spell at you. The magic dart hits you! (hp-3)
There is a stone staircase leading up here.
The orc wizard barely misses you.
You climb upwards.
There is a stone staircase leading down here.
The hill giant closely misses you.
The orc wizard gestures wildly while chanting.
The orc wizard flickers and vanishes!
Deactivating autopickup; reactivate with Ctrl-A.
The hill giant hits you with a giant club!! (hp-22)
* * * LOW HITPOINT WARNING * * *
You hit the orc warrior but do no damage.
The hill giant hits you with a giant club!!
You were prevented from receiving too much damage! (26 -> 22)
You die...

#.........######.###.#.#.......#.
#.........######.###.#.#.###.###.
#†........##.....#...#.......∩...
#.........##.....###.#.#.#.#.####
#................................
#.........##.....()#.#.........##
#........ #......)#.#...........
#........ #....o..#.#.........##
##..##### #....@..#.#...........
#..# #.##.....C.###.........##
#..# #.######...###)........#
#..# #.# #..∩...o#..##+###
#..#####.#######............#
#..##....................#######
#..##..........>.........#......
#..##......................#....
#..............[........#..#....


You could see a hill giant and an orc warrior.

Vanquished Creatures
  Grinder (D:6)
  A phantom (D:5)
  An orc warrior (D:6)
  A sky beast (D:6)
  3 ogres
  3 centaurs
  3 giant frogs
  A wyvern zombie (D:6)
  Jessica (D:3)
  2 scorpions
  5 killer bees (D:4)
  A howler monkey (D:5)
  4 crimson imps
  A centaur skeleton (D:7)
  7 hounds
  2 orc priests
  3 orc wizards
  2 iguanas
  4 worker ants
  A killer bee zombie (D:6)
  Terence (D:2)
  4 dart slugs (D:1)
  3 giant geckos
  An ooze (D:1)
  31 orcs
  6 worms
  17 adders
  10 giant cockroaches
  8 gnolls
  7 goblins
  8 hobgoblins
  9 jackals
  15 kobolds
  4 quokkas
  A shadow imp (D:5)
  An adder skeleton (D:7)
  2 ball pythons (D:2)
  15 bats
  A giant gecko zombie (D:6)
  11 giant newts
  11 rats
213 creatures vanquished.

Vanquished Creatures (others)
  A fulminant prism (D:5)
1 creature vanquished.

Grand Total: 214 creatures vanquished

Notes
Turn   | Place    | Note
-------+----------+-------------------------------------------
     0 | D:1      | DarthKuruptios the Gargoyle Fire Elementalist began the quest for the Orb.
     0 | D:1      | Reached XP level 1. HP: 27/27 MP: 100/100
   171 | D:1      | Reached XP level 2. HP: 31/35 MP: 96/100
   352 | D:1      | Reached XP level 3. HP: 39/43 MP: 90/100
  1092 | D:2      | Reached XP level 4. HP: 51/51 MP: 93/100
  1173 | D:2      | Found a white marble altar of Elyvilon.
  1176 | D:2      | Noticed Terence
  1181 | D:2      | Killed Terence
  1674 | D:3      | Reached XP level 5. HP: 57/59 MP: 89/100
  1682 | D:3      | Learned a level 5 spell: Fireball
  1724 | D:3      | Noticed Jessica
  1729 | D:3      | Killed Jessica
  1890 | D:3      | Found Adoxoipu's Antique Armour Boutique.
  2741 | D:5      | Entered Level 5 of the Dungeon
  2940 | D:4      | Reached skill level 1 in Light Magic
  2989 | D:4      | Found a faded altar of an unknown god.
  2994 | D:4      | Reached XP level 6. HP: 56/67 MP: 83/100
  3100 | D:4      | Found a radiant altar of Vehumet.
  3110 | D:4      | Became a worshipper of Vehumet
  3419 | D:4      | Found a shattered altar of Ashenzari.
  3784 | D:5      | Learned a level 4 spell: Fulminant Prism
  4057 | D:5      | Gained mutation: Your muscles are strong. (Str +2) [potion of mutation]
  4057 | D:5      | Gained mutation: Your muscles are very strong. (Str +4) [potion of mutation]
  4057 | D:5      | Gained mutation: Your muscles are very strong. (Str +4) [potion of mutation]
  4235 | D:5      | Reached * piety under Vehumet
  4235 | D:5      | Offered knowledge of Sandblast by Vehumet.
  4291 | D:5      | Found Ifoled's Distillery.
  4714 | D:5      | Reached XP level 7. HP: 75/75 MP: 75/100
  4835 | D:6      | Reached skill level 1 in Fighting
  4958 | D:6      | Found Fotob's Armour Shop.
  5223 | D:6      | Noticed Grinder
  5229 | D:6      | Killed Grinder
  5645 | D:6      | Found Nyclois's Weapon Shoppe.
  5666 | D:6      | Found Lyloj's Antique Armour Emporium.
  5681 | D:6      | Offered knowledge of Sting by Vehumet.
  5728 | D:6      | Reached ** piety under Vehumet
  5760 | D:6      | Noticed a hill giant
  5914 | D:6      | Found Legeh's Distillery.
  5922 | D:6      | Bought a potion of might for 40 gold pieces
  6003 | D:6      | Found Boygus's Antique Armour Shop.
  6030 | D:7      | Entered Level 7 of the Dungeon
  6173 | D:7      | HP: 5/75 [gnoll/spear (3)]
  6222 | D:6      | Mangled by a hill giant

Skill      XL: |  1  2  3  4  5  6  7 |
---------------+----------------------+-----
Spellcasting   | 3 4 |  4.2
Light Magic    | 1 2 |  2.9
Conjurations   | 2 |  2.8
Fighting       | 1 |  1.1
Fire Magic     | 4 |  4.0
Maces & Flails | |  0.6
Dodging        | |  2.5
Stealth        | |  1.3

Action                   |  1- 3 |  4- 6 |  7- 9 || total
-------------------------+-------+-------+-------++-------
Melee: Whip              |       |   263 |    74 ||   337
Throw: Stone             |       |     1 |       ||     1
 Cast: Flame Tongue      |    67 |   284 |   126 ||   477
       Fulminant Prism   |       |     1 |       ||     1
  Use: Scroll            |     1 |     9 |     1 ||    11
       Potion            |       |    17 |     8 ||    25
 Stab: Invisible         |       |     1 |       ||     1
Armor: Robe              |    13 |   217 |   154 ||   384
Dodge: Dodged            |    33 |   399 |   362 ||   794
